 Dungeon Crawl Stone Soup version 0.28.0-47-ge53b351184 (webtiles) character file.

Game seed: 18315427724465063391

78 Exodus22XD the Chopper (level 4, -4/41 HPs)
             Began as a Hill Orc Monk on May 7, 2022.
             Killed from afar by a white imp (6 damage)
             ... with a puff of frost
             ... on level 6 of the Dungeon.
             The game lasted 00:02:59 (1576 turns).

Exodus22XD the Chopper (Hill Orc Monk)              Turns: 1576, Time: 00:03:00

Health: -4/41      AC:  2    Str: 15    XL:     4   Next: 36%
Magic:  4/4        EV: 12    Int: 10    God:
Gold:   51         SH:  0    Dex: 13    Spells: 3/3 levels left

rFire   . . .      SeeInvis .   a - +0 hand axe
rCold   . . .      Faith    .   (no shield)
rNeg    . . .      Spirit   .   b - +0 robe
rPois   .          Reflect  .   (no helmet)
rElec   .          Harm     .   (no cloak)
rCorr   .          Rampage  .   (no gloves)
Will    .....                   (no boots)
Stlth   ++........              j - amulet of the acrobat
HPRegen 0.13/turn               (no ring)
MPRegen 0.09/turn               (no ring)

@: no status effects
A: no striking features
a: no special abilities


You were on level 6 of the Dungeon.
You visited 1 branch of the dungeon, and saw 5 of its levels.

You collected 51 gold pieces.

Inventory:

Hand Weapons
 a - a +0 hand axe (weapon)
Armour
 b - a +0 robe (worn)
Jewellery
 j - an amulet of the acrobat (around neck)
Wands
 g - a wand of flame (16)
Scrolls
 c - a scroll of noise {unknown}
 e - a scroll of teleportation {unknown}
 h - a scroll of fear {unknown}
 i - a scroll of blinking {unknown}
Potions
 d - 3 potions of invisibility {unknown}
 f - a potion of heal wounds {unknown}
 k - a potion of flight {unknown}


   Skills:
 + Level 4.4 Fighting
 + Level 5.4 Axes
 * Level 1.9 Armour
 - Level 2.4 Dodging
 - Level 1.5 Stealth


You had 3 spell levels left.
You didn't know any spells.
Your spell library was empty.

Dungeon Overview and Level Annotations

Branches:
Dungeon (4/15)
 Temple: D:4-7

Altars:

Annotations:
D:3 Ijyb


Message History

The white imp shouts, "Embrace thy failure, thou churlish fen-sucked flirt-gill!"
Found a stone staircase leading up.
You hit the white imp but do no damage. The white imp gestures at you.
The puff of frost hits you!
You closely miss the white imp. The white imp hits you.
The white imp freezes you.
You hit the white imp.
The white imp is heavily wounded.
The white imp barely misses you. The white imp misses you.
You hit the white imp but do no damage.
The white imp is moderately wounded.
The white imp barely misses you.
You closely miss the white imp.
The white imp is moderately wounded.
The white imp gestures at you. The puff of frost hits you!
You hit the white imp but do no damage.
The white imp is moderately wounded.
The white imp gestures at you. The puff of frost hits you!
* * * LOW HITPOINT WARNING * * *
You closely miss the white imp.
You punch the white imp, but do no damage.
The white imp is moderately wounded.
The white imp hits you but does no damage.
You barely miss the white imp.
The white imp is moderately wounded.
The white imp closely misses you.
You hit the white imp.
The white imp is severely wounded.
The white imp gestures at you. The puff of frost hits you!
* * * LOW HITPOINT WARNING * * *
Okay, then.
You hit the white imp but do no damage.
The white imp is severely wounded.
The white imp gestures at you. The puff of frost hits you.
You die...

#.##..######
#....##.##..# ...
+....#......# ....
#..<.#......# ....
#....#......#.....
#....#......#.....
#....##+##........
#...5.......######
#....@..)...#
#...........#
#...........#
#...........#
#...........#
#############


You could see a white imp.

Vanquished Creatures
  Natasha (D:2)
  A hound skeleton (D:4)
  2 adders
  3 endoplasms (D:2)
  A goblin (D:2)
  A hobgoblin (D:2)
  4 jackals (D:2)
  A quokka (D:2)
  3 bats (D:2)
  2 frilled lizards
  2 kobolds (D:2)
  2 rats (D:2)
23 creatures vanquished.

Notes
Turn   | Place    | Note
-------+----------+-------------------------------------------
     0 | D:1      | Exodus22XD the Hill Orc Monk began the quest for the Orb.
     0 | D:1      | Reached XP level 1. HP: 19/19 MP: 1/1
   423 | D:2      | Noticed Natasha
   444 | D:2      | Noticed a crimson imp
   445 | D:2      | Killed Natasha
   446 | D:2      | Reached skill level 1 in Armour
   446 | D:2      | Reached XP level 2. HP: 3/27 MP: 2/2
   446 | D:2      | Reached XP level 3. HP: 4/33 MP: 3/3
   810 | D:2      | Reached skill level 5 in Axes
   912 | D:3      | Noticed Ijyb
  1332 | D:3      | Reached XP level 4. HP: 41/41 MP: 4/4
  1469 | D:4      | You fall into a shaft and drop 2 floors!
  1487 | D:6      | Noticed a black bear
  1539 | D:6      | Noticed a scorpion
  1575 | D:6      | HP: 1/41 [white imp/puff of frost (10)]
  1576 | D:6      | Killed from afar by a white imp

Illustrated notes

Levels and vault maps discovered:
D:1:      minmay_arrival_semitransparent, layout_loops_corners,
          ebering_ecumenical_altar_abandoned, minmay_hexomino_f4
D:2:      layout_loops_ring, uniq_natasha
D:3:      layout_basic, nicolae_yredelemnul_corpse_copse, serial_shops,
          nicolae_diamond_shop, uniq_terence, uniq_jessica, uniq_ijyb
D:4:      wad_pebble_path, layout_basic, enter_ossuary_2, uniq_grinder
D:6:      layout_gridville

Skill      XL: |  1  2  3 |
---------------+----------+-----
Fighting       | 4 |  4.4
Armour         | 1 |  1.9
Axes           | 5 |  5.4
Dodging        | |  2.4
Stealth        | |  1.5

Action                   |  1- 3 |  4- 6 || total
-------------------------+-------+-------++-------
Melee: Hand axe          |    64 |    26 ||    90
       Punch             |       |     1 ||     1
 Stab: Sleeping          |     4 |       ||     4
Armor: Robe              |    11 |     3 ||    14
Dodge: Dodged            |    43 |    16 ||    59
